 Dungeon Crawl Stone Soup version 0.28.0-1-gb440e238dd (webtiles) character file.

Game seed: 17192821030049175488

4221 Zeld the Thaumaturge (level 10, -1/50 HPs)
             Began as a Deep Elf Fire Elementalist on Feb 23, 2022.
             Was an Initiate of Vehumet.
             Succumbed to Erica's bolt of poison
             ... on level 8 of the Dungeon.
             The game lasted 00:10:12 (12716 turns).

Zeld the Thaumaturge (Deep Elf Fire Elementalist)  Turns: 12716, Time: 00:10:12

Health: -1/50      AC:  4    Str:  5    XL:     10   Next: 9%
Magic:  27/27      EV: 13    Int: 25    God:    Vehumet [......]
Gold:   423        SH:  0    Dex: 15    Spells: 25/32 levels left

rFire   . . .      SeeInvis .   (no weapon)
rCold   . . .      Faith    .   (no shield)
rNeg    . . .      Spirit   .   a - +0 robe
rPois   .          Reflect  .   j - +0 helmet
rElec   .          Harm     .   (no cloak)
rCorr   .          Rampage  .   (no gloves)
Will    +....                   B - +0 pair of boots
Stlth   +++.......              (no amulet)
HPRegen 0.16/turn               (no ring)
MPRegen 0.20/turn               (no ring)

@: lethally poisoned (-1 -> -12)
A: no striking features
a: Renounce Religion


You were on level 8 of the Dungeon.
You worshipped Vehumet.
Vehumet was noncommittal.
You visited 2 branches of the dungeon, and saw 9 of its levels.
You also visited: Sewer.

You collected 423 gold pieces.

Inventory:

Armour
 a - a +0 robe (worn)
 j - a +0 helmet (worn)
 B - a +0 pair of boots (worn)
Wands
 D - a wand of iceblast (4)
Scrolls
 e - 3 scrolls of vulnerability {unknown}
 g - 2 scrolls of fear {unknown}
 k - a scroll of enchant armour {unknown}
 l - 2 scrolls of identify {unknown}
 n - 2 scrolls of enchant weapon {unknown}
 q - 2 scrolls of teleportation {unknown}
 r - a scroll of blinking {unknown}
 s - a scroll of fog {unknown}
 v - a scroll of brand weapon {unknown}
 w - a scroll of noise {unknown}
 y - a scroll of amnesia {unknown}
Potions
 b - a potion of mutation {unknown}
 c - a potion of haste {unknown}
 d - a potion of lignification {unknown}
 f - 2 potions of might {unknown}
 h - 2 potions of magic {unknown}
 i - 6 potions of heal wounds
 m - a potion of degeneration {unknown}
 p - 3 potions of flight
 t - a potion of attraction {unknown}
 u - a potion of curing
 x - a potion of resistance {unknown}
 z - a potion of invisibility {unknown}
 A - a potion of cancellation {unknown}
 C - 2 potions of berserk rage {unknown}


   Skills:
 - Level 4.0 Dodging
 - Level 6.0 Stealth
 * Level 11.6 Spellcasting
 + Level 6.9 Conjurations
 * Level 10.1 Fire Magic


You had 25 spell levels left.
You knew the following spells:

 Your Spells              Type           Power      Damage    Failure   Level
a - Foxfire               Conj/Fire      100%       2x1d9     1%          1
b - Scorch                Fire           100%       2d10      1%          2
c - Flame Wave            Conj/Fire      55%        2d11      1%          4

Your spell library contained the following spells:

 Spells                   Type           Power      Damage    Failure   Level
 Shock                    Conj/Air       100%       1d9       1%          1
 Conjure Flame            Conj/Fire      55%        6-21      1%          3
 Inner Flame              Hex/Fire       39%        N/A       1%          3
 Confusing Touch          Hex            14%        N/A       13%         3
 Swiftness                Air            14%        N/A       13%         3
 Airstrike                Air            7%         N/A       38%         4
 Yara's Violent Unravell  Hex/Tmut       7%         3d5       75%         5
 Enfeeble                 Hex            7%         N/A       100%        7


Dungeon Overview and Level Annotations

Branches:
Dungeon (8/15)             Temple (1/1) D:4           Sewer (visited)
   Lair: D:8-11

Altars:
Ashenzari
Cheibriados
Dithmenos
Elyvilon
Fedhas
Gozag
Hepliaklqana
Kikubaaqudgha
Makhleb
Nemelex Xobeh
Okawaru
Qazlal
Ru
Sif Muna
Trog
Uskayaw
Vehumet
Wu Jian
Xom
Yredelemnul
Zin
The Shining One

Shops:
D:8 *

Annotations:
D:5 1 transporter
D:8 Erica


Message History

Things that are here:
a +0 shortbow; 18 arrows; a centaur skeleton Erica is nearby!
Aiming: Paralyse
Press: ? - help, Shift-Dir - straight line, f - Erica
Aim: Erica, wielding a +2 scimitar of flaming and wearing a +0 robe (wandering, hasn't noticed you, chance to affect: 17%) Erica shouts!
Erica resists with almost no effort.
Aiming: Paralyse
Press: ? - help, Shift-Dir - straight line, f/p - Erica
Aim: Erica, wielding a +2 scimitar of flaming and wearing a +0 robe (chance to affect: 17%) Erica resists with almost no effort.
Unknown command.
Aiming: Paralyse
Press: ? - help, Shift-Dir - straight line, f/p - Erica
Aim: Erica, wielding a +2 scimitar of flaming and wearing a +0 robe (chance to affect: 17%) Erica resists with almost no effort.
Erica hits you with a +2 scimitar of flaming!
Erica burns you.
Aiming: Paralyse
Press: ? - help, Shift-Dir - straight line, f/p - Erica
Aim: Erica, wielding a +2 scimitar of flaming and wearing a +0 robe (chance to affect: 17%) Erica resists with almost no effort.
Erica barely misses you.
Unknown command.
Aiming: Paralyse
Press: ? - help, Shift-Dir - straight line, f/p - Erica
Aim: Erica, wielding a +2 scimitar of flaming and wearing a +0 robe (chance to affect: 17%) Erica resists with almost no effort.
The now-empty wand crumbles to dust.
Erica barely misses you.
Unknown command.
Erica gestures at you while chanting. The bolt of poison hits you!!
You are poisoned.
Ouch! That really hurt!
* * * LOW HITPOINT WARNING * * *
* * * LOW HITPOINT WARNING * * *
You feel very sick.
* * * LOW HITPOINT WARNING * * *
You feel very sick.
You die...

#.########...............
####....)....(......#....##.
...........).###...##....#
#.######..##.###.####....#
##.##.....# ###### .# #
#..####### ...#. ##.##
#..>.# #..# #...### ##@#
#...## #.## #<.# #..####
##...# #@...8# ##.#
###.....# #..##8...<..#
#..........# ##....∩...!#
#.........#


You could see Erica.

Vanquished Creatures
  Grinder (D:6)
  A wyvern (D:6)
  3 yaks (D:5)
  A steam dragon (D:8)
  An acid dragon (D:5)
  A water moccasin (D:5)
  2 ice beasts
  A sky beast (D:5)
  An orc warrior (D:7)
  2 black bears
  2 necrophages
  5 ogres
  3 centaurs
  2 phantoms
  2 kobold brigands
  A bullfrog (D:7)
  4 scorpions
  7 wights (D:7)
  A centaur zombie (D:6)
  2 bullfrog zombies
  2 hounds (D:6)
  A jelly (D:6)
  A centaur skeleton (D:4)
  An orc priest (D:6)
  3 iguanas
  5 orc wizards
  A killer bee zombie (D:7)
  A hound skeleton (D:4)
  2 howler monkey zombies
  Robin (D:3)
  A howler monkey skeleton (D:7)
  8 adders
  4 gnolls (D:6)
  4 river rats (Sewer)
  3 shadow imps
  A white imp (D:5)
  A worm (D:2)
  13 orcs
  6 ball pythons
  7 endoplasms
  12 giant cockroaches
  18 goblins
  9 hobgoblins
  6 jackals
  2 quokkas
  5 bats
  8 frilled lizards
  13 kobolds
  8 rats
190 creatures vanquished.

Vanquished Creatures (others)
  391 foxfires
391 creatures vanquished.

Grand Total: 581 creatures vanquished

Notes
Turn   | Place    | Note
-------+----------+-------------------------------------------
     0 | D:1      | Zeld the Deep Elf Fire Elementalist began the quest for the
                  | Orb.
     0 | D:1      | Reached XP level 1. HP: 10/10 MP: 6/6
   291 | D:1      | Reached XP level 2. HP: 15/15 MP: 4/8
   337 | D:1      | Learned a level 2 spell: Scorch
  1380 | D:2      | Reached XP level 3. HP: 15/19 MP: 5/10
  1526 | D:2      | Found a hide-covered altar of Uskayaw.
  1837 | D:2      | Found Visorokhlo's Armour Boutique.
  2345 | D:3      | Noticed Robin
  2704 | D:3      | Reached skill level 4 in Spellcasting
  2704 | D:3      | Reached XP level 4. HP: 10/24 MP: 2/12
  3278 | D:3      | Killed Robin
  3737 | D:3      | Found a faded altar of an unknown god.
  3922 | D:4      | Noticed an ogre
  3928 | D:4      | Killed an ogre
  3929 | D:4      | Reached XP level 5. HP: 28/28 MP: 2/14
  3965 | D:4      | Found a staircase to the Ecumenical Temple.
  3975 | Temple   | Entered the Ecumenical Temple
  4204 | D:4      | Reached skill level 5 in Spellcasting
  4207 | D:4      | Noticed an ogre
  4551 | D:4      | Reached XP level 6. HP: 31/32 MP: 10/15
  4641 | D:4      | Reached skill level 5 in Fire Magic
  5390 | D:4      | Reached XP level 7. HP: 36/36 MP: 10/17
  5808 | D:5      | Entered Level 5 of the Dungeon
  5855 | D:5      | Reached skill level 6 in Spellcasting
  6375 | D:5      | Found a glowing drain.
  6476 | Sewer    | Entered a sewer
  6480 | Sewer    | Reached skill level 7 in Spellcasting
  6501 | Sewer    | Reached skill level 5 in Stealth
  6899 | Sewer    | Found a white marble altar of Elyvilon.
  7086 | D:5      | Noticed a yak
  7088 | D:5      | Noticed a yak
  7106 | D:5      | Reached XP level 8. HP: 36/41 MP: 14/20
  7117 | D:5      | Learned a level 4 spell: Flame Wave
  7356 | D:5      | Found a sparkling altar of Nemelex Xobeh.
  7357 | D:5      | Found a transporter.
  7357 | D:5      | Noticed a two-headed ogre
  7415 | D:5      | Found a hazy altar of Hepliaklqana.
  7431 | D:5      | Reached skill level 8 in Spellcasting
  7597 | D:5      | Reached skill level 5 in Conjurations
  7979 | D:6      | Reached skill level 9 in Spellcasting
  8129 | D:6      | Reached XP level 9. HP: 17/45 MP: 8/24
  9428 | D:7      | Reached skill level 10 in Spellcasting
  9906 | D:7      | Found a hide-covered altar of Uskayaw.
 10710 | D:6      | Noticed Grinder
 10718 | D:6      | Killed Grinder
 10719 | D:6      | Reached skill level 11 in Spellcasting
 10736 | D:6      | Found a radiant altar of Vehumet.
 10736 | D:6      | Found a shimmering blue altar of Sif Muna.
 10737 | D:6      | Found a shimmering altar of Xom.
 10876 | D:6      | Became a worshipper of Vehumet
 12193 | D:8      | Noticed a two-headed ogre
 12231 | D:8      | Noticed Erica
 12231 | D:8      | Found Uzxol's General Store.
 12342 | D:8      | Reached skill level 10 in Fire Magic
 12342 | D:8      | Reached XP level 10. HP: 50/50 MP: 22/27
 12715 | D:8      | HP: 1/50 [poisoned by Erica (bolt of poison)]
 12716 | D:8      | Succumbed to Erica's bolt of poison

Illustrated notes

Levels and vault maps discovered:
D:1:      evilmike_arrival_crescent, layout_basic
D:2:      layout_basic, serial_shops, shop, basic_altar
D:3:      minmay_evil_eye, layout_basic, shapermc_ecumenical_altar_ellora,
          due_unseen_surprise, uniq_robin
D:4:      layout_rooms, minmay_temple_entry_slanted, serial_co_window_serial,
          co_window_paths_b, co_window_paths_a, co_window_cross_1,
          co_window_paths_a, co_window_paths_a, co_window_2corner,
          co_window_broadway_b, co_window_corner_b, co_window_2corner,
          co_window_paths_c, co_window_of_opportunity_b, co_window_4corner_b,
          glass_columns_b, glass_columns_c, glass_columns_a, glass_columns_a
D:5:      layout_cave_pods, grunt_nemelex_the_gamble, old_standard_altar,
          gup_sewer_entry_glass, hangedman_decor_points
D:6:      layout_loops_ring, gammafunk_temple_overflow_claw, serial_glass,
          glass_columns_c, glass_columns_a, glass_columns_a, glass_columns_c,
          glass_columns_a, glass_columns_a, glass_columns_b, glass_columns_b,
          kennysheep_big_empty_room, uniq_grinder
D:7:      layout_basic, nicolae_uskayaw_dance_studio
D:8:      layout_rooms, serial_shops, nicolae_stop_n_shop_1,
          minmay_misc_feat_chi, amcnicky_mini_corridor_feature, uniq_erica
Temple:   eino_temple_rhombus

Skill      XL: |  1  2  3  4  5  6  7  8  9 |
---------------+----------------------------+-----
Conjurations   | 2 3 4 5 6 |  6.9
Fire Magic     | 4 5 6 8 10 | 10.1
Spellcasting   | 4 5 7 9 11 | 11.6
Stealth        | 3 4 5 6 |  6.0
Dodging        | 3 4 |  4.0

Action                   |  1- 3 |  4- 6 |  7- 9 | 10-12 || total
-------------------------+-------+-------+-------+-------++-------
Melee: Unarmed           |     7 |       |     7 |       ||    14
       Punch             |       |       |     1 |       ||     1
 Cast: Foxfire           |    99 |    84 |    52 |     1 ||   236
       Scorch            |    11 |    25 |   182 |     7 ||   225
Evoke: Wand              |       |       |     1 |     5 ||     6
Armor: Robe              |     7 |     4 |    11 |     3 ||    25
Dodge: Dodged            |    33 |    25 |    61 |     7 ||   126
